3A
GRIM REAPERS @ IDAHO FALLS CHUKARS
06/05/2038
 
TOP OF THE 1ST
Grim Reapers batting - Pitching for Idaho Falls Chukars : RHP Poom Saksansin
Pitching: RHP Poom Saksansin
Batting: LHB Lorenzo Ortíz 0-0: Called Strike
0-1: Called Strike
0-2: Ball
1-2: Ball
2-2: Ground out 6-3 (Groundball, 6M, EV 86.2 MPH)
Batting: RHB Hayes Rutherford 0-0: Ball
1-0: Foul Ball, location: 2F
1-1: Ball
2-1: Ball
3-1: SINGLE (Groundball, 6MD, EV 105.0 MPH)
Batting: RHB Lonnie Doble 0-0: Called Strike
0-1: Called Strike
0-2: SINGLE (Flyball, 89S, EV 87.5 MPH)
Hayes Rutherford to second
Batting: SHB Fernando Urby 0-0: Ball
1-0: Ball
2-0: Fly out, F5 (Popup, 56, EV 59.4 MPH)
Batting: SHB Tekkan Hayagawa 0-0: Ball
1-0: Foul Ball, location: 2F
1-1: DOUBLE (Line Drive, 89D, EV 106.9 MPH)
Hayes Rutherford scores
Lonnie Doble to third
Runner from 3rd tries for Home, SAFE, no throw by CF
Batting: RHB Gene Blanton 0-0: Ball
1-0: Ball
2-0: Ground out 1-3 (Groundball, 25, EV 81.9 MPH)
Top of the 1st over - 2 runs, 3 hits, 0 errors, 1 left on base; Grim 2 - Idaho Falls 0
BOTTOM OF THE 1ST
Idaho Falls Chukars batting - Pitching for Grim Reapers : RHP Marcel Bloemheuvel
Pitching: RHP Marcel Bloemheuvel
Batting: LHB Josh Wiggins 0-0: Called Strike
0-1: Ball
1-1: SOLO HOME RUN (Flyball, 9LD, EV 101.2 MPH), Distance : 365 ft
Batting: LHB Doyle Berkey 0-0: Ball
1-0: Ball
2-0: Ball
3-0: Called Strike
3-1: SINGLE (Popup, 4S, EV 71.9 MPH)
Batting: RHB Vinnie Nuyten 0-0: Ball
Doyle Berkey steals 2nd base
1-0: Foul Ball, location: 2F
1-1: Swinging Strike
1-2: Strikes out swinging
Batting: SHB Koryusai Ohayashi 0-0: Called Strike
0-1: Ball
1-1: Ball
2-1: Called Strike
2-2: Foul Ball, location: 2F
2-2: Ball
3-2: Strikes out swinging
Pitching: RHP Jyotibhasin Kodi
Batting: SHB Joe Middleton 0-0: Swinging Strike
0-1: Swinging Strike
0-2: Strikes out looking
Bottom of the 1st over - 1 run, 2 hits, 0 errors, 1 left on base; Grim 2 - Idaho Falls 1
TOP OF THE 2ND
Grim Reapers batting - Pitching for Idaho Falls Chukars : RHP Poom Saksansin
Batting: RHB Adrián Sánchez 0-0: Ball
1-0: Called Strike
1-1: Ball
2-1: Fly out, F6 (Popup, 6S, EV 87.5 MPH)
Batting: RHB Cristo Mercado 0-0: Ball
1-0: Ball
2-0: Ball
3-0: Called Strike
3-1: Called Strike
3-2: Strikes out swinging
Batting: RHB Alfred Coleman 0-0: Ball
1-0: Ball
2-0: Foul Ball, location: 2F
2-1: Ground out 6-3 (Groundball, 6D, EV 85.6 MPH)
Top of the 2nd over - 0 runs, 0 hits, 0 errors, 0 left on base; Grim 2 - Idaho Falls 1
BOTTOM OF THE 2ND
Idaho Falls Chukars batting - Pitching for Grim Reapers : RHP Jyotibhasin Kodi
Batting: LHB Bobby McGrady 0-0: Ball
1-0: SINGLE (Line Drive, 6MD, EV 98.1 MPH)
Batting: RHB Jon Walker 0-0: SINGLE (Groundball, 6MD, EV 100.0 MPH)
Bobby McGrady to second
Batting: RHB Javier Botín 0-0: Called Strike
0-1: Ball
1-1: SINGLE (Line Drive, 7S, EV 106.9 MPH)
Bobby McGrady to third
Jon Walker to second
Batting: RHB Emerson Horton 0-0: Called Strike
0-1: Ball
1-1: Grounds into fielders choice 1-2 (Groundball, P, EV 83.1 MPH)
Jon Walker to third
Javier Botín to second
Batting: LHB Josh Wiggins 0-0: Swinging Strike
0-1: Foul Ball, location: 2F
0-2: Fly out, F8 (Flyball, 8LXD, EV 96.2 MPH)
Runner from 3rd tags up, SCORES, no throw by CF
Javier Botín to third
Batting: LHB Doyle Berkey 0-0: Ball
1-0: Ball
2-0: Ground out U3 (Groundball, 3, EV 78.1 MPH)
Bottom of the 2nd over - 1 run, 3 hits, 0 errors, 2 left on base; Grim 2 - Idaho Falls 2
TOP OF THE 3RD
Grim Reapers batting - Pitching for Idaho Falls Chukars : RHP Poom Saksansin
Batting: LHB Lorenzo Ortíz 0-0: Ball
1-0: Ball
2-0: Foul Ball, location: 2F
2-1: Ball
3-1: Base on Balls
Batting: RHB Hayes Rutherford 0-0: DOUBLE (Line Drive, 7LD, EV 103.8 MPH)
Lorenzo Ortíz to third
Batting: RHB Lonnie Doble 0-0: Called Strike
0-1: Called Strike
0-2: SINGLE (Line Drive, 7LS, EV 96.2 MPH)
Lorenzo Ortíz scores
Hayes Rutherford to third
Batting: SHB Fernando Urby 0-0: Ball
1-0: Ball
2-0: Called Strike
2-1: Foul Ball, location: 2F
2-2: DOUBLE (Line Drive, 78XD, EV 103.8 MPH)
Hayes Rutherford scores
Lonnie Doble to third
Runner from 3rd tries for Home, SAFE, throw by LF to home
Batting: SHB Tekkan Hayagawa 0-0: Ball
1-0: Ball
2-0: Foul Ball, location: 2F
2-1: SINGLE (Groundball, 34D, EV 94.4 MPH)
Fernando Urby to third
Runner from 3rd tries for Home, SAFE, throw by RF to home
Tekkan Hayagawa to second
Pitching: LHP Camillo Vialli
Batting: RHB Gene Blanton 0-0: Ball
1-0: Ball
2-0: Ball
3-0: Swinging Strike
3-1: Swinging Strike
3-2: Strikes out swinging
Batting: RHB Adrián Sánchez 0-0: Ball
1-0: Called Strike
1-1: Foul Ball, location: 2F
1-2: Fly out, F8 (Flyball, 8RM, EV 89.4 MPH)
Batting: RHB Cristo Mercado 0-0: Called Strike
0-1: Ball
1-1: Fly out, F4 (Popup, 3S, EV 75.0 MPH)
Top of the 3rd over - 4 runs, 4 hits, 0 errors, 1 left on base; Grim 6 - Idaho Falls 2
BOTTOM OF THE 3RD
Idaho Falls Chukars batting - Pitching for Grim Reapers : RHP Jyotibhasin Kodi
Batting: RHB Vinnie Nuyten 0-0: Ball
1-0: Foul Ball, location: 2F
1-1: Fly out, F4 (Line Drive, 4, EV 65.6 MPH)
Batting: SHB Koryusai Ohayashi 0-0: Swinging Strike
0-1: Ball
1-1: Ball
2-1: Ball
3-1: DOUBLE (Groundball, 3L, EV 106.2 MPH)
Batting: SHB Joe Middleton 0-0: Ball
1-0: Ground out 4-3 (Groundball, 4, EV 83.8 MPH)
Koryusai Ohayashi to third
Batting: LHB Bobby McGrady 0-0: Foul Ball, location: 2F
0-1: Ball
1-1: Ball
2-1: Ground out 5-3 (Groundball, 56, EV 89.4 MPH)
Bottom of the 3rd over - 0 runs, 1 hit, 0 errors, 1 left on base; Grim 6 - Idaho Falls 2
TOP OF THE 4TH
Grim Reapers batting - Pitching for Idaho Falls Chukars : LHP Camillo Vialli
Batting: RHB Alfred Coleman 0-0: Ball
1-0: Swinging Strike
1-1: Ball
2-1: Called Strike
2-2: Strikes out swinging
Batting: LHB Lorenzo Ortíz 0-0: Ball
1-0: Ball
2-0: Ball
3-0: Called Strike
3-1: Base on Balls
Batting: RHB Hayes Rutherford 0-0: SINGLE (Groundball, 34D, EV 101.2 MPH)
Lorenzo Ortíz to second
Lorenzo Ortíz to third
Batting: RHB Lonnie Doble 0-0: Ball
1-0: Called Strike
1-1: Called Strike
1-2: Foul Ball, location: 2F
1-2: Strikes out swinging
Batting: SHB Fernando Urby 0-0: Fly out, F7 (Line Drive, 7D, EV 98.8 MPH)
Top of the 4th over - 0 runs, 1 hit, 0 errors, 2 left on base; Grim 6 - Idaho Falls 2
BOTTOM OF THE 4TH
Idaho Falls Chukars batting - Pitching for Grim Reapers : RHP Jyotibhasin Kodi
Batting: RHB Jon Walker 0-0: Swinging Strike
0-1: Ball
1-1: Foul Ball, location: 2F
1-2: Strikes out swinging
Batting: RHB Javier Botín 0-0: Ball
1-0: Swinging Strike
1-1: Ball
2-1: Foul Ball, location: 2F
2-2: SINGLE (Groundball, 6MD, EV 96.9 MPH)
Batting: RHB Emerson Horton 0-0: Swinging Strike
0-1: Ball
1-1: Fly out, F3 (Popup, 3S, EV 85.0 MPH)
Batting: LHB Josh Wiggins 0-0: Called Strike
0-1: Foul Ball, location: 2F
0-2: Fly out, F7 (Flyball, 7D, EV 89.4 MPH)
Bottom of the 4th over - 0 runs, 1 hit, 0 errors, 1 left on base; Grim 6 - Idaho Falls 2
TOP OF THE 5TH
Grim Reapers batting - Pitching for Idaho Falls Chukars : LHP Camillo Vialli
Batting: SHB Tekkan Hayagawa 0-0: Foul Ball, location: 2F
0-1: Ball
1-1: Called Strike
1-2: Strikes out swinging
Batting: RHB Gene Blanton 0-0: Swinging Strike
0-1: Swinging Strike
0-2: Strikes out swinging
Batting: RHB Adrián Sánchez 0-0: Called Strike
0-1: Swinging Strike
0-2: Strikes out swinging
Top of the 5th over - 0 runs, 0 hits, 0 errors, 0 left on base; Grim 6 - Idaho Falls 2
BOTTOM OF THE 5TH
Idaho Falls Chukars batting - Pitching for Grim Reapers : RHP Jyotibhasin Kodi
Batting: LHB Doyle Berkey 0-0: Ball
1-0: Called Strike
1-1: Ball
2-1: Swinging Strike
2-2: Strikes out swinging
Batting: RHB Vinnie Nuyten 0-0: SINGLE (Flyball, 89M, EV 84.4 MPH)
Batting: SHB Koryusai Ohayashi 0-0: Foul Ball, location: 2F
0-1: Ball
1-1: SINGLE (Line Drive, 3D, EV 104.4 MPH)
Vinnie Nuyten to second
Batting: SHB Joe Middleton 0-0: Ball
1-0: Ball
2-0: Ball
3-0: Base on Balls
Vinnie Nuyten to third
Koryusai Ohayashi to second
Batting: LHB Bobby McGrady 0-0: Ball
1-0: Ball
2-0: Called Strike
2-1: Ball
3-1: Fielders Choice at 2nd, 4-6 (Groundball, 4M, EV 110.0 MPH)
Vinnie Nuyten scores
Koryusai Ohayashi to third
Batting: RHB Jon Walker 0-0: Ball
1-0: Called Strike
1-1: Ball
2-1: SINGLE (Line Drive, 9S, EV 98.8 MPH)
Koryusai Ohayashi scores
Bobby McGrady to second
Runner from 2nd tries for 3rd, SAFE, throw by RF made to third
Batting: RHB Javier Botín 0-0: Swinging Strike
0-1: Called Strike
0-2: Ball
1-2: Ball
2-2: Ball
3-2: Strikes out swinging, 2-3 out at first.
Bottom of the 5th over - 2 runs, 3 hits, 0 errors, 2 left on base; Grim 6 - Idaho Falls 4
TOP OF THE 6TH
Grim Reapers batting - Pitching for Idaho Falls Chukars : LHP Camillo Vialli
Batting: RHB Cristo Mercado 0-0: Swinging Strike
0-1: Called Strike
0-2: Ground out 5-3 (Groundball, 5L, EV 81.2 MPH)
Batting: RHB Alfred Coleman 0-0: Called Strike
0-1: Ball
1-1: Called Strike
1-2: Ball
2-2: Ball
3-2: Base on Balls
Pitching: LHP Kevin Parker
Batting: LHB Lorenzo Ortíz 0-0: SINGLE (Line Drive, 8RS, EV 96.2 MPH)
Alfred Coleman to second
Batting: RHB Hayes Rutherford 0-0: Called Strike
0-1: Foul Ball, location: 2F
0-2: Strikes out swinging
Batting: RHB Lonnie Doble 0-0: 3-RUN HOME RUN (Line Drive, 78XD, EV 98.1 MPH), Distance : 432 ft
Batting: SHB Fernando Urby 0-0: Called Strike
0-1: Ball
1-1: Ball
2-1: Ball
3-1: Called Strike
3-2: DOUBLE (Flyball, 8LXD, EV 98.1 MPH)
Batting: SHB Tekkan Hayagawa 0-0: Ball
1-0: Fly out, F3 (Popup, 3DF, EV 74.4 MPH)
Top of the 6th over - 3 runs, 3 hits, 0 errors, 1 left on base; Grim 9 - Idaho Falls 4
BOTTOM OF THE 6TH
Idaho Falls Chukars batting - Pitching for Grim Reapers : RHP Jyotibhasin Kodi
Batting: RHB Emerson Horton 0-0: Called Strike
0-1: Fly out, F7 (Flyball, 7S, EV 95.0 MPH)
Batting: LHB Josh Wiggins 0-0: Foul Ball, location: 2F
0-1: Swinging Strike
0-2: Strikes out looking
Pitching: RHP Arnold Sutkamp
Batting: LHB Doyle Berkey 0-0: Foul Ball, location: 2F
0-1: Foul Ball, location: 2F
0-2: Foul Ball, location: 2F
0-2: Ball
1-2: Ground out 5-3 (Groundball, 56S, EV 85.6 MPH)
Bottom of the 6th over - 0 runs, 0 hits, 0 errors, 0 left on base; Grim 9 - Idaho Falls 4
TOP OF THE 7TH
Grim Reapers batting - Pitching for Idaho Falls Chukars : LHP Kevin Parker
Batting: RHB Gene Blanton 0-0: Called Strike
0-1: Fly out, F7 (Flyball, 7, EV 94.4 MPH)
Batting: RHB Adrián Sánchez 0-0: Called Strike
0-1: SINGLE (Groundball, 5D, EV 102.5 MPH)
Batting: RHB Cristo Mercado 0-0: Ball
1-0: Ball
2-0: Called Strike
2-1: SINGLE (Groundball, 34D, EV 103.8 MPH)
Adrián Sánchez to second
Batting: RHB Alfred Coleman 0-0: Called Strike
0-1: SINGLE (Groundball, 34D, EV 104.4 MPH)
Adrián Sánchez to third
Cristo Mercado to second
Batting: LHB Lorenzo Ortíz 0-0: Called Strike
0-1: Ball
1-1: Ball
2-1: Foul Ball, location: 2F
2-2: Foul Ball, location: 2F
2-2: Ball
3-2: Base on Balls
Adrián Sánchez scores
Cristo Mercado to third
Alfred Coleman to second
Batting: RHB Hayes Rutherford 0-0: Ball
1-0: Ball
2-0: Foul Ball, location: 2F
2-1: Ball
3-1: Foul Ball, location: 2F
3-2: Base on Balls
Cristo Mercado scores
Alfred Coleman to third
Lorenzo Ortíz to second
Pinch Hitting: RHB Gerardo Días 0-0: Reached on error, E4 (Groundball, 4, EV 85.6 MPH)
Alfred Coleman scores
Lorenzo Ortíz to third
Hayes Rutherford to second
Pitching: RHP Frank Wilson
Pinch Hitting: RHB Taysir bin Mahmud 0-0: Ball
1-0: Ball
2-0: Fielders Choice at 2nd, 6-4 (Groundball, 6M, EV 87.5 MPH)
Lorenzo Ortíz scores
Hayes Rutherford to third
Batting: SHB Tekkan Hayagawa 0-0: Called Strike
0-1: Fly out, F2 (Popup, 2LF, EV 91.9 MPH)
Top of the 7th over - 4 runs, 3 hits, 1 error, 2 left on base; Grim 13 - Idaho Falls 4
BOTTOM OF THE 7TH
Idaho Falls Chukars batting - Pitching for Grim Reapers : RHP Arnold Sutkamp
Now at 1B: Taysir bin Mahmud
Now at SS: Gerardo Días
Batting: RHB Vinnie Nuyten 0-0: Ball
1-0: Swinging Strike
1-1: Swinging Strike
1-2: Ball
2-2: Ball
3-2: Strikes out looking
Pinch Hitting: RHB Greg Ge 0-0: Ball
1-0: Ground out 6-3 (Groundball, 6, EV 79.4 MPH)
Batting: SHB Joe Middleton 0-0: Ball
1-0: Foul Ball, location: 2F
1-1: Swinging Strike
1-2: Ball
2-2: Strikes out swinging
Bottom of the 7th over - 0 runs, 0 hits, 0 errors, 0 left on base; Grim 13 - Idaho Falls 4
TOP OF THE 8TH
Grim Reapers batting - Pitching for Idaho Falls Chukars : RHP Frank Wilson
Now in RF: Greg Ge
Batting: RHB Gene Blanton 0-0: SINGLE (Line Drive, 7S, EV 98.8 MPH)
Batting: RHB Adrián Sánchez 0-0: Foul Ball, location: 2F
0-1: Foul Ball, location: 2F
0-2: Grounds into double play, 6-4-3 (Groundball, 6, EV 85.6 MPH)
Batting: RHB Cristo Mercado 0-0: Ball
1-0: Swinging Strike
1-1: Ball
2-1: Foul Ball, location: 2F
2-2: SINGLE (Groundball, 56S, EV 72.5 MPH) (infield hit)
Batting: RHB Alfred Coleman 0-0: Ball
1-0: Foul Ball, location: 2F
1-1: Called Strike
1-2: Ball
2-2: Fly out, F3 (Flyball, 34D, EV 88.1 MPH)
Top of the 8th over - 0 runs, 2 hits, 0 errors, 1 left on base; Grim 13 - Idaho Falls 4
BOTTOM OF THE 8TH
Idaho Falls Chukars batting - Pitching for Grim Reapers : RHP Arnold Sutkamp
Batting: LHB Bobby McGrady 0-0: Ball
1-0: Called Strike
1-1: DOUBLE (Line Drive, 8LD, EV 105.6 MPH)
Pinch Hitting: RHB Thomas McElroy 0-0: Foul Ball, location: 2F
0-1: Ball
1-1: Called Strike
1-2: Foul Ball, location: 2F
1-2: Foul Ball, location: 2F
1-2: Ground out 1-3 (Groundball, 34S, EV 81.2 MPH)
Bobby McGrady to third
Batting: RHB Javier Botín 0-0: Ball
1-0: Ground out 6-3 (Groundball, 6, EV 83.1 MPH)
Bobby McGrady scores
Batting: RHB Emerson Horton 0-0: Ball
1-0: Ball
2-0: SINGLE (Groundball, 6D, EV 108.1 MPH)
Batting: LHB Josh Wiggins 0-0: Ball
1-0: Swinging Strike
1-1: Called Strike
1-2: DOUBLE (Line Drive, 89M, EV 114.4 MPH)
Emerson Horton to third
Runner from 3rd tries for Home, SAFE, no throw by CF
Batting: LHB Doyle Berkey 0-0: Ball
1-0: Foul Ball, location: 2F
1-1: Called Strike
1-2: Foul Ball, location: 2F
1-2: Foul Ball, location: 2F
1-2: Strikes out swinging
Bottom of the 8th over - 2 runs, 3 hits, 0 errors, 1 left on base; Grim 13 - Idaho Falls 6
TOP OF THE 9TH
Grim Reapers batting - Pitching for Idaho Falls Chukars : RHP Frank Wilson
Now at 1B: Emosi Whiu
Batting: LHB Lorenzo Ortíz 0-0: Foul Ball, location: 2F
0-1: Ball
1-1: Fly out, F8 (Line Drive, 8RD, EV 95.0 MPH)
Batting: RHB Hayes Rutherford 0-0: Called Strike
0-1: Foul Ball, location: 2F
0-2: Foul Ball, location: 2F
0-2: Ball
1-2: Ball
2-2: Ground out 6-3 (Groundball, 6S, EV 69.4 MPH)
Batting: RHB Gerardo Días 0-0: Ball
1-0: Called Strike
1-1: Swinging Strike
1-2: Ball
2-2: DOUBLE (Flyball, 78D, EV 108.8 MPH)
Batting: RHB Taysir bin Mahmud 0-0: Ball
1-0: Ball
2-0: Fly out, F7 (Line Drive, 7D, EV 93.8 MPH)
Top of the 9th over - 0 runs, 1 hit, 0 errors, 1 left on base; Grim 13 - Idaho Falls 6
BOTTOM OF THE 9TH
Idaho Falls Chukars batting - Pitching for Grim Reapers : RHP Arnold Sutkamp
Batting: RHB Vinnie Nuyten 0-0: Ball
1-0: Ball
2-0: Foul Ball, location: 2F
2-1: Swinging Strike
2-2: Ground out 2-3 (Groundball, 2L, EV 72.5 MPH)
Batting: RHB Greg Ge 0-0: Ball
1-0: Called Strike
1-1: Ball
2-1: Called Strike
2-2: Foul Ball, location: 2F
2-2: Ball
3-2: SINGLE (Flyball, 8RS, EV 88.8 MPH)
Pitching: RHP Carlos Navarro
Batting: SHB Joe Middleton 0-0: Ball
1-0: Ball
2-0: Foul Ball, location: 2F
2-1: SINGLE (Groundball, 4MD, EV 94.4 MPH)
Greg Ge to second
Batting: LHB Bobby McGrady 0-0: TRIPLE (Line Drive, 7LD, EV 103.1 MPH)
Greg Ge scores
Joe Middleton scores
Batting: LHB Emosi Whiu 0-0: Ball
Wild Pitch!
Bobby McGrady scores
1-0: Ball
2-0: Called Strike
2-1: Foul Ball, location: 2F
2-2: SINGLE (Line Drive, 5D, EV 96.2 MPH)
Pitching: RHP Alex O'Dell
Batting: RHB Javier Botín 0-0: Foul Ball, location: 2F
0-1: Ball
1-1: Ball
2-1: Called Strike
2-2: Grounds into double play, 6-4-3 (Groundball, 6, EV 78.8 MPH)
Bottom of the 9th over - 3 runs, 4 hits, 0 errors, 0 left on base; Grim 13 - Idaho Falls 9
Friday, April 17th, 2020 - OOTP Baseball 20.8 Build 74